Map: Dynasty LE

Players

Kiragami - Winner!

  • Race: Terran Terran
  • League: Silver
  • Spawn Location: 7:00

ivasonn

  • Race: Protoss Protoss
  • League: Bronze
  • Spawn Location: 1:00

VOD

Have the link to the VOD?

Description

Time

  • Played on: May 15, 2024, 2:48 p.m.
  • Length: 28:07
Show
View Real Time Build Order
Export as new Build Order

Kiragami Terran - Winner!

Build Orders: Reaper Expand 

Get SALT Encoding   

  12  0:00  SCV  
  13  0:12  SCV  
  14  0:17  Supply Depot  
  14  0:24  SCV  
  15  0:40  Barracks  
  15  0:42  Refinery  
  15  0:44  SCV  
  16  0:56  SCV  
  17  1:08  SCV  
  18  1:26  Orbital Command  
  18  1:29  Reaper  
  19  1:39  Command Center  
  19  1:53  SCV  
  20  2:01  Supply Depot  
  20  2:05  SCV  
  20  2:17  Command Center, SCV  
  20  2:19  Barracks Reactor  
  21  2:25  Factory  
  21  2:29  SCV  
  22  2:41  SCV  
  23  2:54  SCV  
  23  2:57  Marine x2  
  26  3:02  Refinery  
  26  3:06  SCV  
  26  3:09  Starport  
  27  3:22  SCV  
  28  3:33  Barracks Tech Lab  
  28  3:34  Widow Mine, SCV  
  28  3:35  Widow Mine  
  28  3:39  Orbital Command  
  33  3:45  Supply Depot  
  33  3:46  SCV  
  33  3:47  Medivac  
  36  3:56  Marine  
  36  3:58  SCV  
  37  4:12  Widow Mine  
  37  4:13  Widow Mine, SCV x2  
  42  4:18  Supply Depot  
  42  4:19  Starport Reactor  
  42  4:25  SCV  
  42  4:26  SCV  
  44  4:32  Marauder  
  44  4:38  Stimpack  
  46  4:39  Barracks  
  46  4:41  Barracks  
  46  4:42  Widow Mine x2  
  50  4:48  SCV x2  
  52  4:53  Supply Depot  
  52  4:54  Supply Depot  
  47  5:00  SCV x2  
  41  5:31  SCV  
  41  5:32  SCV  
  41  5:42  Barracks Tech Lab  
  41  5:44  Factory Tech Lab, SCV x2  
  41  5:46  Marine  
  44  5:51  Medivac x2  
  48  6:03  SCV x2, Marine  
  51  6:13  Refinery  
  51  6:15  SCV x2  
  51  6:17  Refinery  
  53  6:22  Marine  
  54  6:26  Command Center  
  54  6:45  SCV  
  54  6:46  SCV  
  57  6:49  Marine  
  57  6:50  Marine  
  57  6:52  Marauder  
  60  6:54  Siege Tank  
  60  6:57  SCV  
  60  6:58  SCV  
  65  7:07  Marine x2  
  64  7:13  Marauder  
  64  7:14  Engineering Bay  
  66  7:36  Combat Shield  
  64  7:37  Marine x2  
  64  7:42  Marauder  
  64  7:43  Marauder  
  68  7:44  Siege Tank  
  68  7:48  Planetary Fortress  
  71  7:53  Terran Infantry Weapons Level 1  
  71  7:55  Marine x2  
  73  7:59  SCV x2  
  73  8:04  Marine x2  
  77  8:11  SCV x2  
  79  8:18  Medivac x2, Barracks  
  79  8:19  Barracks  
  83  8:20  Barracks  
  83  8:31  Refinery  
  83  8:35  Missile Turret x2  
  83  8:41  Missile Turret  
  83  8:42  Missile Turret  
  83  8:43  Missile Turret  
  83  8:47  Missile Turret  
  83  8:48  Missile Turret x2, Marine x2  
  83  8:51  Siege Tank, Marauder x2  
  83  8:53  Missile Turret  
  83  8:54  Missile Turret  
  83  8:55  Missile Turret  
  92  8:56  Missile Turret  
  92  8:57  Refinery  
  83  9:23  Siege Tank, Supply Depot  
  86  9:27  Supply Depot  
  86  9:32  Missile Turret  
  86  9:33  Missile Turret  
  86  9:35  Missile Turret x2  
  86  9:36  Missile Turret  
  86  9:37  SCV x3  
  89  9:47  Concussive Shells  
  89  9:49  Missile Turret, SCV x3, Barracks Reactor  
  89  9:50  Barracks Reactor  
  84  9:52  Medivac x2  
  92  9:55  Siege Tank, Marauder x2, Marine  
  104  10:27  Supply Depot x2  
  104  10:29  Supply Depot  
  104  10:31  SCV x3  
  107  10:43  SCV x2  
  107  10:48  SCV  
  110  11:02  Barracks Reactor  
  110  11:03  Marine x4  
  114  11:04  Marine x2  
  114  11:05  Marauder x2  
  114  11:07  Siege Tank  
  114  11:08  Factory  
  114  11:09  Factory  
  123  11:27  Marauder x2  
  127  11:39  Siege Tank  
  130  11:44  Marine x3  
  133  11:55  Factory Tech Lab x2  
  133  12:04  Command Center  
  133  12:07  Supply Depot  
  133  12:09  Supply Depot x3  
  133  12:10  Supply Depot  
  133  12:11  Marine x3  
  133  12:12  Siege Tank, Marauder x2  
  133  12:13  Armory  
  133  12:14  Marine  
  124  12:26  Siege Tank x2  
  130  12:35  SCV x3  
  133  12:47  SCV x3  
  136  12:55  Siege Tank  
  136  12:56  Marine  
  136  12:57  Marine x5  
  136  12:58  Siege Tank, Marine x2  
  146  12:59  Marauder x2  
  129  13:20  Marauder  
  129  13:21  Marauder  
  129  13:23  Marine  
  129  13:24  Marine  
  129  13:25  Siege Tank  
  122  13:27  Siege Tank  
  102  13:45  Marine x6  
  102  13:46  Marine x2  
  102  13:48  Siege Tank, Marauder x2  
  114  13:49  Medivac x2  
  120  13:57  Siege Tank  
  120  13:59  Siege Tank  
  126  14:19  Medivac x2  
  126  14:20  Terran Infantry Weapons Level 2  
  126  14:21  Terran Vehicle Weapons Level 1  
  130  14:26  Orbital Command  
  130  14:28  Siege Tank  
  130  14:29  Hellion  
  135  14:32  Hellion  
  135  14:33  Marine x4  
  141  14:52  Marine x3  
  142  14:53  Marine x5  
  142  14:55  Siege Tank x2, Marauder x2  
  159  15:00  Siege Tank  
  116  15:37  Marine x3  
  116  15:38  Marine x5  
  116  15:40  Siege Tank x2  
  116  15:41  Siege Tank  
  109  16:05  Marine x3  
  109  16:06  Marine x2  
  109  16:07  Marine x2  
  109  16:08  Marauder x2  
  120  16:12  Siege Tank x2  
  120  16:13  Siege Tank  
  126  16:24  Marine x5  
  126  16:25  Marine x3  
  132  16:29  Marauder x2  
  138  16:44  Siege Tank x2  
  138  16:45  Siege Tank  
  138  16:46  Command Center, Marine  
  138  16:47  Marine x6  
  148  16:48  Marine  
  145  16:56  Command Center  
  100  17:16  Siege Tank x2  
  100  17:17  Siege Tank  
  100  17:18  Command Center  
  99  17:33  Marine x2  
  103  17:38  Marauder x2  
  103  17:39  Marine x5  
  103  17:40  Marine  
  111  17:48  Siege Tank x2  
  117  18:00  Marauder x2  
  115  18:55  Marine x6  
  120  18:56  Marine x2  
  123  19:03  SCV x5  
  123  19:09  Refinery  
  127  19:11  Starport  
  127  19:12  Starport, Refinery  
  127  19:15  SCV  
  127  19:16  Starport  
  114  19:27  Siege Tank x3  
  108  19:37  Planetary Fortress  
  97  19:59  Sensor Tower, Siege Tank, Marine x3  
  101  20:00  Marine x4  
  101  20:01  Marauder  
  101  20:02  Marauder  
  110  20:13  Orbital Command  
  110  20:16  Starport Tech Lab x2  
  110  20:17  Starport Tech Lab  
  110  20:30  Siege Tank x2  
  110  20:31  Marine x4  
  110  20:32  Marine x3  
  110  20:33  Marine  
  110  20:34  Marauder x2  
  128  20:51  Refinery  
  128  20:52  Refinery  
  128  20:56  Marauder x2  
  132  20:57  Fusion Core  
  132  21:18  Medivac x2  
  132  21:48  Medivac x2  
  136  21:56  Battlecruiser x3  
  154  22:08  Refinery  
  154  22:11  Siege Tank x3  
  163  22:22  Marine x4  
  165  22:23  Marine x4  
  165  22:24  Marauder x2  
  175  22:33  Unknown  
  175  22:43  Siege Tank  
  178  22:45  Marauder x2  
  178  22:49  Marine x5  
  178  22:50  Marine x2  
  174  23:07  Marauder x2  
  161  23:18  Marine x5  
  161  23:19  Marine  
  167  23:22  Siege Tank x2  
  167  23:23  Siege Tank  
  164  23:28  Marauder x2  
  157  23:54  Siege Tank  
  86  24:45  Marine x2  
  64  24:46  Marine x2  
  57  25:03  Siege Tank, Marine x2  
  57  25:04  Siege Tank  
  38  25:35  Siege Tank  
  38  25:36  Siege Tank  
  40  25:53  Marine x2  
  43  26:01  Barracks Reactor  
  39  26:08  Siege Tank  
  39  26:11  Marine  
  33  26:29  Command Center  
  33  26:36  Barracks  
  33  26:37  Barracks  
  33  26:38  Barracks  
  33  26:41  Barracks  
  33  26:42  Barracks  
  33  26:46  Barracks  
  33  26:47  Barracks  
  27  27:16  Marine  
  27  27:17  Marine x2  
  26  27:26  Marine x2  
  26  27:27  Marine  
  26  27:28  Marine x2  
  25  27:41  Marine x6  
  31  27:44  Marine x2  
Show
View Real Time Build Order
Export as new Build Order

ivasonn Protoss 

Build Orders: 1 Gate Expand, Oracle Opening 

Get SALT Encoding   

  12  0:02  Probe  
  13  0:14  Probe  
  13  0:18  Pylon  
  14  0:26  Probe  
  15  0:38  Probe  
  15  0:40  Gateway  
  16  0:50  Probe  
  17  0:59  Assimilator  
  17  1:02  Probe (Chrono Boost)  
  18  1:13  Probe (Chrono Boost)  
  19  1:18  Probe (Chrono Boost)  
  20  1:26  Nexus  
  20  1:36  Cybernetics Core  
  21  1:40  Probe  
  21  1:43  Assimilator  
  21  1:56  Probe  
  21  1:59  Pylon  
  22  2:08  Probe, Adept  
  22  2:10  Warp Gate (Chrono Boost)  
  22  2:20  Probe  
  25  2:32  Probe  
  26  2:42  Stargate  
  26  2:45  Probe  
  25  2:57  Probe  
  26  2:59  Adept (Chrono Boost)  
  28  3:09  Probe  
  28  3:10  Probe  
  30  3:17  Pylon  
  30  3:21  Probe  
  30  3:22  Probe  
  30  3:24  Twilight Council  
  32  3:34  Probe  
  33  3:45  Oracle (Chrono Boost)  
  32  4:10  Gateway x2  
  32  4:12  Probe x2  
  32  4:13  Pylon  
  32  4:14  Oracle (Chrono Boost)  
  32  4:16  Charge (Chrono Boost)  
  37  4:24  Probe x2  
  39  4:36  Probe x2, Zealot  
  43  4:47  Gateway  
  43  4:50  Gateway  
  43  4:53  Gateway  
  36  5:34  Probe x2  
  38  5:35  Zealot  
  38  5:36  Zealot x2  
  44  5:44  Pylon  
  44  5:46  Probe x2  
  44  5:48  Pylon  
  46  5:52  Stalker x3, Assimilator  
  46  5:55  Blink  
  52  5:58  Probe x2  
  52  6:02  Forge  
  54  6:05  Forge  
  54  6:08  Templar Archives  
  54  6:10  Probe x2  
  56  6:11  Zealot x3  
  62  6:24  Zealot x3  
  68  6:33  Robotics Facility  
  68  6:36  Oracle  
  71  6:47  Zealot x3  
  77  7:00  Pylon  
  77  7:03  Pylon  
  77  7:06  Pylon  
  77  7:28  Probe x2  
  71  7:33  Nexus  
  71  7:36  Assimilator  
  71  7:38  Pylon  
  71  7:40  Probe x2  
  71  7:42  Pylon  
  73  7:46  Stalker x2  
  77  7:52  Probe x2  
  79  8:04  Probe x2  
  81  8:07  Phoenix  
  81  8:09  Observer  
  84  8:19  Photon Cannon  
  84  8:23  Probe x2  
  86  8:32  Phoenix  
  88  8:35  Probe x2  
  90  8:44  Zealot x5  
  100  9:03  Psionic Storm  
  99  9:17  Zealot x6  
  111  9:25  Probe x2  
  113  9:34  Probe  
  113  9:37  Probe x2  
  116  9:39  Assimilator  
  116  9:41  High Templar x3  
  116  9:42  High Templar  
  116  9:45  Archon  
  124  9:46  Probe  
  124  9:47  Immortal (Chrono Boost)  
  129  9:54  Protoss Ground Weapons Level 1 (Chrono Boost)  
  129  9:59  Probe  
  130  10:13  Probe x2  
  132  10:23  Nexus  
  132  10:27  Assimilator  
  132  10:29  Assimilator  
  132  10:31  Pylon  
  132  10:33  Pylon  
  132  10:34  Pylon  
  132  10:35  Pylon, Photon Cannon  
  132  10:36  Probe  
  132  10:38  Pylon  
  132  10:39  Archon  
  133  10:49  Probe x2  
  135  10:59  Phoenix  
  135  11:00  Warp Prism (Chrono Boost)  
  139  11:32  Protoss Ground Armor Level 1 (Chrono Boost)  
  139  11:42  Probe x3  
  142  11:54  Probe  
  142  11:55  Probe x2  
  142  12:01  Stalker x3  
  147  12:02  Stalker x3  
  147  12:06  Probe  
  147  12:07  Probe  
  159  12:34  Stalker x2  
  159  12:35  Stalker x4  
  171  12:48  Phoenix (Chrono Boost), Pylon  
  171  12:49  Immortal (Chrono Boost)  
  171  12:50  Gateway  
  173  12:52  Gateway  
  173  12:54  Gateway x2  
  173  12:58  High Templar x5  
  183  13:04  Phoenix (Chrono Boost)  
  147  13:21  Immortal  
  147  13:24  Zealot  
  87  13:48  Stalker  
  87  13:49  Stalker x5  
  99  14:10  Zealot x2  
  99  14:11  Zealot x4  
  99  14:13  Immortal  
  111  14:23  Phoenix (Chrono Boost)  
  115  14:28  High Templar x3  
  115  14:29  High Templar  
  123  14:39  Phoenix (Chrono Boost)  
  123  14:44  Immortal  
  120  14:46  Zealot x3  
  120  14:47  Zealot x3  
  136  15:03  Phoenix (Chrono Boost)  
  138  15:08  High Templar x2  
  138  15:09  High Templar x4  
  138  15:12  Archon  
  138  15:13  Archon x2  
  150  15:19  Phoenix (Chrono Boost)  
  144  15:44  Phoenix, Warp Prism  
  148  16:17  Nexus  
  145  16:18  Pylon  
  145  16:19  Pylon  
  145  16:21  Assimilator  
  145  16:22  Assimilator  
  145  16:43  Zealot x6  
  145  16:44  Zealot x4  
  83  17:15  Stalker x10  
  75  17:20  Archon  
  73  17:58  Stargate  
  73  18:01  Stargate  
  69  18:05  Immortal (Chrono Boost)  
  69  18:06  Stargate  
  69  18:07  Zealot x5  
  69  18:08  Zealot x5  
  69  18:11  Protoss Ground Weapons Level 2 (Chrono Boost), Fleet Beacon  
  91  18:21  Protoss Ground Armor Level 2 (Chrono Boost)  
  88  18:32  Stalker x3  
  88  18:33  Stalker x5  
  88  18:34  Stalker x2  
  101  18:37  Immortal  
  85  18:55  Carrier x2  
  95  19:13  Zealot  
  95  19:14  Zealot x7  
  95  19:15  Zealot x2  
  95  19:16  Immortal  
  75  19:41  Zealot x8, Nexus  
  75  19:42  Zealot x2  
  93  19:56  Immortal  
  97  20:05  High Templar  
  97  20:06  High Templar x5  
  109  20:10  Archon x3  
  109  20:23  Carrier (Chrono Boost)  
  115  20:46  Probe  
  115  20:47  Probe  
  117  20:58  Probe  
  117  20:59  Probe  
  119  21:08  Stalker x5  
  119  21:09  Stalker x3  
  119  21:10  Probe  
  119  21:11  Probe  
  137  21:23  Probe  
  138  21:27  Stalker x2  
  140  21:50  Assimilator  
  140  21:58  Carrier x2 (Chrono Boost)  
  152  22:08  Warp Prism (Chrono Boost)  
  154  22:19  Stalker x4  
  154  22:22  Zealot  
  138  23:13  Stalker x3  
  138  23:14  Stalker x2  
Tags
 
Add a new tag
Caveats
  • Supply blocks, unpowered buildings, or Contaminate may cause inaccurate times.
  • Supply counts are checked every 10 seconds.